 Dungeon Crawl Stone Soup version 0.24-a0-693-g39a19ac0f1 (webtiles) character file.

Game seed: 16701282277439361023, levelgen mode: deterministic

16 MalarOregon the Conjurer (level 2, -1/22 HPs)
             Began as a Draconian Conjurer on Sept 28, 2019.
             Slain by a gnoll
             ... wielding a +0 flail
              (8 damage)
             ... on level 1 of the Dungeon.
             The game lasted 00:04:47 (791 turns).

MalarOregon the Conjurer (Draconian Conjurer)        Turns: 791, Time: 00:04:48

Health: -1/22      AC:  4    Str: 10    XL:     2   Next: 37%
Magic:  3/5        EV: 12    Int: 15    God:
Gold:   39         SH:  0    Dex: 11    Spells: 2/5 levels left

rFire    . . .     SeeInvis .   (no weapon)
rCold    . . .     Gourm    .   (no shield)
rNeg     . . .     Faith    .   (armour unavailable)
rPois    .         Spirit   .   (helmet restricted)
rElec    .         Reflect  .   (no cloak)
rCorr    .         Harm     .   (no gloves)
MR       .....                  (no boots)
Stlth    ++........             (no amulet)
HPRegen  0.07/turn              (no ring)
MPRegen  0.09/turn              (no ring)

@: no status effects
A: unfitting armour, cold-blooded, AC +4
a: no special abilities


You were on level 1 of the Dungeon.
You were not hungry.

You visited 1 branch of the dungeon, and saw 1 of its levels.

You collected 39 gold pieces.

Inventory:

Scrolls
 c - a scroll of fear {unknown}
 f - a scroll of identify {unknown}
Potions
 a - a potion of magic {unknown}
 d - a potion of flight {unknown}
Comestibles
 b - 2 chunks of flesh
 e - 3 rations {!d}


   Skills:
 + Level 0.5 Fighting
 + Level 2.0 Dodging
 - Level 1.7 Stealth
 * Level 2.3 Spellcasting
 * Level 4.2 Conjurations


You had 2 spell levels left.
You knew the following spells:

 Your Spells              Type           Power        Failure   Level  Hunger
a - Magic Dart            Conj           ##..         3%          1    #......
s - Searing Ray           Conj           ##....       6%          2    ###....

Your spell library contained the following spells:

 Spells                   Type           Power        Failure   Level  Hunger
 Dazzling Spray           Conj/Hex       #.....       26%         3    ###....
 Iskenderun's Mystic Bla  Conj           ##......     36%         4    #####..
 Force Lance              Conj/Tloc      #.......     65%         4    #####..
 Fulminant Prism          Conj/Hex       #.........   65%         4    #####..


Dungeon Overview and Level Annotations

Branches:
Dungeon (1/15)

Altars:


Innate Abilities, Weirdness & Mutations

Your plain brown scales are hard. (AC +4)
You cannot fit into any form of body armour.
You are cold-blooded and may be slowed by cold attacks.


Message History

You see here a jackal skeleton.
Memorise Searing Ray, consuming 2 spell levels and leaving 2?
You start memorising the spell.
You continue memorising. x2
You finish memorising.
Spell assigned to 's'.
You see here a jackal skeleton.
Things that are here:
a +0 short sword; 19 stones; a kobold corpse
Found a scroll labeled ONOLAA QEPLOEMM and 13 gold pieces.
There is an escape hatch in the floor here.
f - a scroll labeled ONOLAA QEPLOEMM You now have 39 gold pieces (gained 13).
Found a short sword.
Found 2 grey potions.
A rat comes into view.
There are monsters nearby!
There are monsters nearby!
Aim: a rat (resting)
The magic dart hits the rat.
You kill the rat!
You can't see any susceptible monsters within range! (Use Z to cast anyway.)
The gnoll is too close now for your liking.
Aim: a gnoll, wielding a +0 flail and wearing a +0 chain mail The magic dart hits the gnoll but does no damage.
Some of the chunks of flesh in your inventory have rotted away.
Aim: a gnoll, wielding a +0 flail and wearing a +0 chain mail The magic dart hits the gnoll but does no damage.
Aim: a gnoll, wielding a +0 flail and wearing a +0 chain mail The magic dart hits the gnoll.
Aim: a gnoll, wielding a +0 flail and wearing a +0 chain mail (lightly wounded)
The magic dart hits the gnoll.
The gnoll hits you with a +0 flail.
You see here a jackal skeleton.
Aim: a gnoll, wielding a +0 flail and wearing a +0 chain mail (moderately wounded)
The magic dart hits the gnoll but does no damage.
The gnoll misses you.
Aim: a gnoll, wielding a +0 flail and wearing a +0 chain mail (lightly wounded)
The magic dart hits the gnoll but does no damage.
You see here a rat skeleton.
You see here a hobgoblin skeleton.
The gnoll hits you with a +0 flail.
You see here a rat skeleton.
You see here a hobgoblin skeleton.
You see here a rat skeleton.
The gnoll hits you with a +0 flail!
Ouch! That really hurt!
* * * LOW HITPOINT WARNING * * *
Aim: a gnoll, wielding a +0 flail and wearing a +0 chain mail (lightly wounded)
The searing ray hits the gnoll but does no damage. (Press . to maintain the ray.)
The gnoll hits you with a +0 flail!
You die...

#.#.#..........#####.#.....
######..........................
#...................#####.##....
#.........................##...#
#........#..........#####.##...#
#[........>.....................
#............................###
#..........................#.# #
#..............@g...)......#.###
#........##..#######.......#.#..
#........##..#####.......).....#
#........##........#.........###
####...####.....................
#.....## #............###......
#......###......(.....###......
#............(.................
#.....#.###....>...............


You could see a gnoll.

Vanquished Creatures
  3 bats (D:1)
  A giant cockroach (D:1)
  2 hobgoblins (D:1)
  2 jackals (D:1)
  2 frilled lizards (D:1)
  2 goblins (D:1)
  A kobold (D:1)
  3 rats (D:1)
16 creatures vanquished.

Notes
Turn   | Place    | Note
-------+----------+-------------------------------------------
     0 | D:1      | MalarOregon the Draconian Conjurer began the quest for the
                  | Orb.
     0 | D:1      | Reached XP level 1. HP: 14/14 MP: 3/3
   356 | D:1      | Reached XP level 2. HP: 14/22 MP: 0/5
   664 | D:1      | Learned a level 2 spell: Searing Ray
   791 | D:1      | Slain by a gnoll

Levels and vault maps discovered:
D:1:      wander_arrival_lonely_grave, layout_rooms

Skill      XL: |  1  2 |
---------------+-------+-----
Dodging        | 2 |  2.0
Fighting       | |  0.5
Stealth        | |  1.7
Spellcasting   | |  2.3
Conjurations   | |  4.2

Action                   || total
-------------------------++-------
Melee: Unarmed           ||    16
       Tailslap          ||     1
 Cast: Magic Dart        ||    35
       Searing Ray       ||     1
Armor: Skin              ||    26
Dodge: Dodged            ||    44

Table legend:
 A = Non-vault XP
 B = Vault XP
 C = Vault XP percentage of total XP
 D = Non-vault monster count
 E = Vault monster count
 F = Vault count percentage of total count
                 A         B        C        D         E       F
            +---------+---------+-------+---------+---------+-------
      Total |      23 |       0 |   0.0 |      16 |       0 |   0.0
            +---------+---------+-------+---------+---------+-------
        D:1 |      23 |       0 |   0.0 |      16 |       0 |   0.0
            +---------+---------+-------+---------+---------+-------
